 Dungeon Crawl Stone Soup version 0.21.1-1-g345015fe64 (webtiles) character file.

5823 IceCat the Cleaver (level 10, -3/88 HPs)
             Began as a Hill Orc Fighter on July 30, 2018.
             Was an Elder of Okawaru.
             Killed from afar by an acid dragon (18 damage)
             ... with a splash of acid
             ... on level 8 of the Dungeon.
             The game lasted 00:35:46 (7802 turns).

IceCat the Cleaver (Hill Orc Fighter)               Turns: 7802, Time: 00:35:46

Health: -3/88      AC:  2    Str: 23    XL:     10   Next: 80%
Magic:  13/13      EV:  6    Int: 16    God:    Okawaru [****..]
Gold:   587        SH: 11    Dex: 10    Spells: 9/9 levels left

rFire    + . .     SeeInvis .   a - +0 war axe
rCold    . . .     Gourm    .   c - +0 shield
rNeg     . . .     Faith    .   F - +0 plate armour
rPois    .         Spirit   .   q - +2 hat
rElec    .         Reflect  .   (no cloak)
rCorr    .         Harm     .   (no gloves)
MR       .....                  i - +2 pair of boots of Amirel {*Contam rF+ Int+4}
Stlth    ..........             m - amulet of magic regeneration
HPRegen  0.24/turn              k - ring of stealth
MPRegen  0.38/turn              l - +4 ring of intelligence

@: corroded
A: no striking features
a: Heroism, Renounce Religion


You were on level 8 of the Dungeon.
You worshipped Okawaru.
Okawaru was greatly pleased with you.
You were not hungry.

You visited 1 branch of the dungeon, and saw 11 of its levels.

You collected 587 gold pieces.

Inventory:

Hand Weapons
 a - a +0 war axe (weapon)
 H - a +0 quarterstaff
Armour
 c - a +0 shield (worn)
 i - the +2 pair of boots of Amirel (worn) {*Contam rF+ Int+4}
   (You found it on level 4 of the Dungeon)

   It affects your intelligence (+4).
   It protects you from fire.
   It causes magical contamination when unequipped.
 q - a +2 hat (worn)
 t - a +2 scale mail of cold resistance
 w - a +0 helmet
 F - a +0 plate armour (worn)
Jewellery
 k - a ring of stealth (left hand)
 l - a +4 ring of intelligence (right hand)
 m - an amulet of magic regeneration (around neck)
 p - an uncursed ring of stealth
Wands
 n - a wand of digging (12)
 s - a wand of scattershot (4)
 x - a wand of polymorph (2)
Scrolls
 e - 2 scrolls of magic mapping
 h - 2 scrolls of teleportation
 j - 6 scrolls of identify
 o - 2 scrolls of noise
 u - a scroll of blinking {unknown}
 v - 5 scrolls of remove curse
 y - 3 scrolls of fog {unknown}
 B - a scroll of immolation {unknown}
 D - a scroll of enchant weapon {unknown}
 G - 2 scrolls of fear {unknown}
Potions
 b - a potion of flight
 g - 2 potions of resistance
 r - a potion of might
 z - a potion of ambrosia
 A - a potion of lignification
 C - a potion of magic {unknown}
 E - a potion of curing {unknown}
 I - a potion of heal wounds
Comestibles
 d - 4 chunks of flesh
 f - 20 rations


   Skills:
 + Level 7.8 Fighting
 + Level 13.1 Axes
 + Level 6.8 Armour
 + Level 2.5 Dodging
 + Level 0.4 Stealth
 + Level 9.2 Shields
 + Level 0.7 Unarmed Combat
 - Level 4.0 Invocations


You had 9 spell levels left.
You didn't know any spells.

Dungeon Overview and Level Annotations

Branches:
Dungeon (11/15)            Temple (0/1) D:5            Lair (0/6) D:9
    Orc: D:9-12

Altars:
Ashenzari
Cheibriados
Dithmenos
Elyvilon
Gozag
Kikubaaqudgha
Okawaru
Qazlal
Uskayaw
Wu Jian
Yredelemnul

Shops:
D:5 *


Message History

The acid dragon bites you! You block the acid dragon's attack.
Your plate armour prevents you from hitting the acid dragon.
The acid dragon bites you but does no damage.
The acid dragon claws you.
You hit the acid dragon but do no damage.
You closely miss the acid dragon. The acid dragon spits acid at you.
The splash of acid hits you!
* * * LOW HITPOINT WARNING * * *
The acid corrodes you!
You are splashed with acid!
The acid burns!
* * * LOW HITPOINT WARNING * * *
The acid dragon spits acid at you. You block the splash of acid.
You see here a leather armour.
The acid dragon spits acid at you. You block the splash of acid.
The hound stops to sniff the ground.
The acid dragon spits acid at you. The splash of acid hits you!
You die...

#.....##....#
#####.##....##8.
#†##....##. #.##....#_
#.##....# ..# #h##....#
#.# #.##....# #.#
#.####..###############.#
#..hD[..@...[.........#.#
########.#####.#######.#.#
#...# #.## #.# #.#.# #...#
#..# #.# #.#.#
#...#####.####.#######.#..
#......÷..................
#.#######..###.######.####
#.#...a..#.....# #.....
#.#.####.#.##..###########


You could see an acid dragon and a hound.

Vanquished Creatures
  Joseph (D:7)
  A troll (D:9)
  A hornet (D:11)
  A hippogriff (D:11)
  5 yaks (D:9)
  Menkaure (D:7)
  A water moccasin (D:9)
  Duvessa (D:4)
  2 orc warriors
  3 ice beasts
  2 sky beasts
  A phantom (D:4)
  A black bear (D:9)
  8 ogres
  3 crocodiles
  A big kobold (D:10)
  6 bullfrogs
  Dowan (D:4)
  3 scorpions
  8 killer bees
  4 crimson imps
  A bullfrog zombie (D:7)
  A centaur zombie (D:9)
  3 jellies
  5 hounds
  4 orc wizards
  An orc priest (D:6)
  A bullfrog skeleton (D:9)
  6 worker ants
  An iguana (D:5)
  A hound skeleton (D:6)
  A worker ant zombie (D:4)
  12 adders
  7 gnolls
  A shadow imp (D:6)
  3 oozes
  An adder zombie (D:7)
  An adder skeleton (D:8)
  A worm (D:4)
  2 dart slugs (D:1)
  2 leopard geckos (D:2)
  22 orcs
  A ball python (D:1)
  7 bats
  3 bat zombies (D:2)
  3 giant cockroaches
  6 goblins
  4 hobgoblins
  19 jackals
  3 quokkas
  7 frilled lizards
  10 kobolds
  7 rats
  3 rat zombies (D:2)
205 creatures vanquished.

Vanquished Creatures (others)
  7 fungi (D:9)
  A plant (D:9)
  4 toadstools (D:1)
12 creatures vanquished.

Grand Total: 217 creatures vanquished

Notes
Turn   | Place    | Note
-------+----------+-------------------------------------------
     0 | D:1      | IceCat the Hill Orc Fighter began the quest for the Orb.
     0 | D:1      | Reached XP level 1. HP: 19/19 MP: 1/1
   145 | D:1      | Reached XP level 2. HP: 27/27 MP: 2/2
   318 | D:1      | Reached skill level 3 in Axes
   478 | D:1      | Reached XP level 3. HP: 26/33 MP: 3/3
  1170 | D:2      | Found a basalt altar of Yredelemnul.
  1316 | D:1      | HP: 2/49 [poisoned by an adder]
  1444 | D:2      | Reached skill level 1 in Dodging
  1444 | D:2      | Reached XP level 4. HP: 37/40 MP: 4/4
  1594 | D:2      | Reached skill level 4 in Axes
  1683 | D:2      | Found an ancient bone altar of Kikubaaqudgha.
  1861 | D:3      | Found a shadowy altar of Dithmenos.
  1892 | D:3      | Found a stormy altar of Qazlal.
  1932 | D:3      | Reached XP level 5. HP: 44/47 MP: 5/5
  2031 | D:3      | Noticed an ice beast
  2042 | D:3      | Killed an ice beast
  2042 | D:3      | Reached skill level 5 in Axes
  2042 | D:3      | Reached XP level 6. HP: 43/53 MP: 6/6
  2593 | D:4      | Got a pair of jewelled boots
  2602 | D:4      | Identified the +2 pair of boots of Amirel {*Contam rF+ Int+4} (You found it on level 4 of the Dungeon)
  2746 | D:4      | Found an ornate altar of the Wu Jian Council.
  2861 | D:4      | Found a shattered altar of Ashenzari.
  2863 | D:4      | Noticed a phantom
  2937 | D:4      | Killed a phantom
  2937 | D:4      | Reached skill level 6 in Axes
  2937 | D:4      | Reached XP level 7. HP: 45/60 MP: 7/7
  3017 | D:4      | Noticed Duvessa
  3033 | D:4      | Killed Duvessa
  3033 | D:4      | Reached skill level 5 in Fighting
  3033 | D:4      | Reached skill level 5 in Shields
  3034 | D:4      | Noticed Dowan
  3110 | D:4      | Killed Dowan
  3110 | D:4      | Reached skill level 7 in Axes
  3155 | D:4      | Found a snail-covered altar of Cheibriados.
  3155 | D:4      | Found an iron altar of Okawaru.
  3155 | D:4      | Found a hide-covered altar of Uskayaw.
  3165 | D:4      | Became a worshipper of Warmaster Okawaru
  3404 | D:5      | Entered Level 5 of the Dungeon
  3511 | D:5      | Found Gozag's Platinum Reserve.
  3514 | D:5      | Found an opulent altar of Gozag.
  3715 | D:5      | Found a staircase to the Ecumenical Temple.
  3826 | D:5      | Found an opulent altar of Gozag.
  4041 | D:6      | Reached skill level 8 in Axes
  4041 | D:6      | Reached XP level 8. HP: 59/69 MP: 8/8
  4070 | D:6      | Reached skill level 5 in Armour
  4125 | D:6      | Reached * piety under Okawaru
  4240 | D:6      | Reached skill level 9 in Axes
  4995 | D:6      | HP: 3/70 [orc warrior/hand axe (11)]
  5317 | D:5      | Reached XP level 9. HP: 75/75 MP: 9/9
  5528 | D:7      | Noticed Menkaure
  5828 | D:6      | Reached skill level 10 in Axes
  5842 | D:7      | Reached ** piety under Okawaru
  5843 | D:7      | Killed Menkaure
  5947 | D:7      | Reached skill level 1 in Invocations
  6285 | D:7      | Noticed Joseph
  6311 | D:7      | Killed Joseph
  6311 | D:7      | Reached *** piety under Okawaru
  6311 | D:7      | Reached skill level 11 in Axes
  6580 | D:8      | You fall through a shaft for 2 floors!
  6580 | D:10     | Entered Level 10 of the Dungeon
  6583 | D:10     | Noticed a two-headed ogre
  6600 | D:11     | Noticed a hornet
  6601 | D:11     | Reached XP level 10. HP: 53/86 MP: 13/13
  6884 | D:9      | Reached **** piety under Okawaru
  6884 | D:9      | Reached skill level 12 in Axes
  7242 | D:9      | Found a staircase to the Lair.
  7362 | D:9      | Reached skill level 13 in Axes
  7382 | D:9      | Noticed a two-headed ogre
  7736 | D:8      | Found a white marble altar of Elyvilon.
  7802 | D:8      | Killed from afar by an acid dragon

Skill      XL: |  1  2  3  4  5  6  7  8  9 10 |
---------------+-------------------------------+-----
Axes           | 3 4 5 6 8 9 11 13 | 13.1
Fighting       | 4 5 6 7 |  7.8
Dodging        | 1 2 |  2.5
Shields        | 4 5 6 7 9 |  9.2
Armour         | 4 5 6 |  6.8
Invocations    | 4 |  4.0
Stealth        | |  0.4
Unarmed Combat | |  0.7

Action                   |  1- 3 |  4- 6 |  7- 9 | 10-12 || total
-------------------------+-------+-------+-------+-------++-------
Melee: War axe           |   153 |   220 |   406 |   216 ||   995
       Unarmed           |       |       |     8 |       ||     8
Invok: Heroism           |       |       |     1 |     2 ||     3
Evoke: Wand              |       |       |       |     1 ||     1
  Use: Potion            |     4 |       |     4 |     2 ||    10
       Scroll            |       |       |     6 |       ||     6
  Eat: Chunk             |     2 |     5 |    13 |     4 ||    24
Armor: Scale mail        |    66 |    87 |    67 |       ||   220
       Chain mail        |       |    18 |       |       ||    18
       Skin              |       |       |    13 |       ||    13
       Plate armour      |       |       |   107 |    97 ||   204
Dodge: Dodged            |    56 |    59 |    94 |    42 ||   251
Block: Shield            |    80 |   120 |   201 |   112 ||   513
